 Dungeon Crawl Stone Soup version 0.30-a0-765-g3161bf10a1 (webtiles) character file.

Game seed: 8571067212961379817

6106 Conn the Thaumaturge (level 10, -4/61 HPs)
             Began as an Octopode Fire Elementalist on Feb 12, 2023.
             Was a Believer of Sif Muna.
             Slain by a wyvern (14 damage)
             ... on level 9 of the Dungeon.
             The game lasted 00:20:19 (8972 turns).

Conn the Thaumaturge (Octopode Fire Elementalist)   Turns: 8972, Time: 00:20:20

Health: -4/61      AC:  3    Str:  9    XL:     10   Next: 89%
Magic:  20/33      EV: 14    Int: 21    God:    Sif Muna [**....]
Gold:   354        SH:  0    Dex: 18    Spells: 12/29 levels left

rFire   . . .      SeeInvis .    p - +4 quarterstaff (chaos)
rCold   . . .      Faith    .    (shield currently unavailable)
rNeg    . . .      Spirit   .    m - +2 hat
rPois   +          Reflect  .    (no amulet)
rElec   .          Harm     .    v - ring of wizardry
rCorr   .          Rampage  .    y - ring of poison resistance
Will    .....                    A - +6 ring of dexterity
Stlth   ++++                     D - ring of magical power
HPRegen 0.30/turn                (no ring)
MPRegen 0.23/turn                (no ring)
                                 (no ring)
                                 (no ring)

@: no status effects
A: almost no armour, amphibious, 8 rings, camouflage 1, gelatinous body 1,
(nimble swimmer 1), tentacles, tentacle spike 1, sense surroundings 1, evolution
1
a: Renounce Religion, Channel Magic


You were on level 9 of the Dungeon.
You worshipped Sif Muna.
Sif Muna was pleased with you.
You visited 2 branches of the dungeon, and saw 10 of its levels.

You collected 354 gold pieces.

Inventory:

Hand Weapons
 g - a +0 short sword
 p - a +4 quarterstaff of chaos (weapon)
Armour
 m - a +2 hat (worn)
Jewellery
 v - a ring of wizardry (left tentacle)
 y - a ring of poison resistance (right tentacle)
 A - a +6 ring of dexterity (on tentacle)
 D - a ring of magical power (on tentacle)
Wands
 u - a wand of roots (11)
Scrolls
 b - 2 scrolls of blinking {unknown}
 f - a scroll of noise
 h - a scroll of silence
 i - 3 scrolls of enchant armour
 j - 2 scrolls of magic mapping {unknown}
 l - 2 scrolls of brand weapon {unknown}
 s - 3 scrolls of teleportation
 w - a scroll of poison
 x - a scroll of amnesia
 C - 2 scrolls of acquirement {unknown}
 G - a scroll of summoning
Potions
 a - a potion of magic
 c - 2 potions of curing
 d - a potion of attraction
 e - a potion of mutation
 k - a potion of lignification
 o - 3 potions of might
 q - a potion of cancellation {unknown}
 r - 3 potions of ambrosia {unknown}
 t - 3 potions of resistance {unknown}
 z - a potion of berserk rage {unknown}
 B - 2 potions of haste {unknown}
 E - a potion of heal wounds {unknown}
 F - a potion of brilliance {unknown}


   Skills:
 + Level 2.5 Fighting
 + Level 0.3 Short Blades
 + Level 1.9 Staves
 + Level 3.4 Dodging
 + Level 4.6 Stealth
 + Level 0.4 Unarmed Combat
 * Level 10.3 Spellcasting
 * Level 6.5 Conjurations
 + Level 0.3 Hexes
 * Level 4.0 Necromancy
 + Level 7.1 Fire Magic
 + Level 1.5 Air Magic
 + Level 0.4 Poison Magic


You had 12 spell levels left.
You knew the following spells:

 Your Spells              Type           Power      Damage    Failure   Level
a - Foxfire               Conj/Fire      100%       2x1d9     1%          1
b - Mephitic Cloud        Conj/Pois/Air  22%        N/A       2%          3
c - Inner Flame           Hex/Fire       26%        N/A       1%          3
d - Flame Wave            Conj/Fire      39%        2d11      1%          4
e - Scorch                Fire           80%        2d9       1%          2
f - Dispel Undead         Necr           27%        3d13      4%          4

Your spell library contained the following spells:

 Spells                   Type           Power      Damage    Failure   Level
 Cigotuvi's Dreadful Rot  Necr/Pois/Air  38%        N/A       1%          2
 Dazzling Flash           Conj/Hex       50%        N/A       1%          3
 Apportation              Tloc           20%        N/A       2%          1
 Beastly Appendage        Tmut           20%        N/A       2%          1
 Poisonous Vapours        Pois/Air       30%        N/A       2%          2
 Kindle Blastsparks       Fire/Tloc/Air  46%        2d13      2%          3
 Wereblood                Tmut           10%        N/A       4%          2
 Spider Form              Tmut/Pois      11%        N/A       7%          3
 Gell's Gravitas          Tloc           10%        N/A       8%          3
 Teleport Other           Tloc           10%        N/A       8%          3
 Agony                    Necr           27%        N/A       13%         5
 Silence                  Hex/Air        7%         N/A       41%         5
 Alistair's Intoxication  Tmut/Pois      7%         N/A       52%         5
 Death Channel            Necr           13%        N/A       56%         6
 Dispersal                Tloc           5%         N/A       97%         6


Dungeon Overview and Level Annotations

Branches:
Dungeon (9/15)             Temple (1/1) D:5
   Lair: D:8-11         Orc: D:9-12

Altars:
Ashenzari
Dithmenos
Elyvilon
Fedhas
Gozag
Hepliaklqana
Kikubaaqudgha
Makhleb
Okawaru
Qazlal
Sif Muna
Trog
Uskayaw
Vehumet
Wu Jian
Xom
Yredelemnul
Zin
The Shining One

Annotations:
Temple 2 transporters


Innate Abilities, Weirdness & Mutations

You cannot wear most types of armour.
You are amphibious.
You can wear up to eight rings at the same time.
Your skin changes colour to match your surroundings (Stealth+).
Your rubbery body absorbs attacks. (AC +1, EV +1)
((You are camouflaged when in or above water. (Stealth+)))
You have tentacles for arms and can constrict up to eight enemies at once.
One of your tentacles bears a spike.
You passively map a small area around you.
You have hidden genetic potential.


Message History

Casting: Flame Wave (dangerous; 1% risk of failure)
Confirm with . or Enter, or press ? or * to list all spells.
Casting: Flame Wave (dangerous; 1% risk of failure)
Press: ? - help, Dir - look around, f - activate A wave of flame ripples out!
The flame wave engulfs the wyvern!
The wyvern is severely wounded.
The flame wave engulfs the wyvern.
The wyvern is lightly wounded. (Press . to intensify the flame waves.)
You hear a shout!
The wyvern closely misses you. The wyvern bites you. The wyvern bites you!
The wyvern bites you.
The slime creature is attracted toward you.
You feel less attractive to monsters.
A wave of flame ripples out!
The flame wave engulfs the wyvern!
The wyvern is almost dead.
The flame wave engulfs the wyvern!
The wyvern is severely wounded.
The flame wave engulfs the slime creature!
The slime creature is moderately wounded.
You hear an angry buzzing noise.
You hear a howl!
The wyvern completely misses you. The wyvern bites you!
The slime creature hits you!
* * * LOW HITPOINT WARNING * * *
Okay, then.
Okay, then.
Unknown command.
Unknown command.
A wave of flame ripples out!
The flame wave engulfs the wyvern but does no damage.
The wyvern is almost dead.
The flame wave engulfs the wyvern!
You kill the wyvern!
Sif Muna accepts your kill.
The flame wave engulfs the slime creature.
The slime creature is moderately wounded.
You finish channelling waves of flame.
You hear an angry buzzing noise.
You hear a shout!
The wyvern closely misses you. The wyvern bites you!
You die...

, , *, ,
............#.
*
.............
............#
, ,
..........# *
.........## *,
* #........##
*, #.l.......#
, * *
,,#..@.......
* ,
#...J.(...# ,
, #....ยง...##
, * *
*#.......## ,
, , ,........#
, * ######...#
,, ,, .... , ,
...#. , * *


You could see a slime creature and a wyvern.

Vanquished Creatures
  A deep elf zephyrmancer (D:8)
  Joseph (D:7)
  The ghost of zamzamzam the Destroyer, a novice DECj of Vehumet (D:4)
  Prince Ribbit (D:5)
  A vampire (D:9)
  11 yaks (D:8)
  2 wyverns (D:9)
  A water moccasin (D:8)
  3 orc warriors
  2 black bears (D:4)
  An ice beast (D:6)
  3 ogres
  A centaur (D:5)
  A gnoll sergeant (D:6)
  3 kobold brigands
  7 bullfrogs
  2 necrophages
  3 scorpions
  3 wights (D:8)
  3 hounds
  A jelly (D:6)
  4 quasits (D:4)
  4 orc priests
  Crazy Yiuf (D:2)
  3 iguanas (D:6)
  6 orc wizards
  Robin (D:2)
  5 adders
  9 gnolls
  3 shadow imps
  A white imp (D:6)
  An ufetubus (D:4)
  5 dart slugs
  26 orcs
  5 bats
  7 endoplasms
  4 giant cockroaches
  17 goblins
  8 hobgoblins
  25 kobolds
  9 quokkas
  7 ball pythons
  3 frilled lizards (D:1)
  8 rats
214 creatures vanquished.

Vanquished Creatures (others)
  549 foxfires
549 creatures vanquished.

Grand Total: 763 creatures vanquished

Notes
Turn   | Place    | Note
-------+----------+-------------------------------------------
     0 | D:1      | Conn the Octopode Fire Elementalist began the quest for the
                  | Orb.
     0 | D:1      | Reached XP level 1. HP: 11/11 MP: 3/3
   247 | D:1      | Reached XP level 2. HP: 15/17 MP: 0/5
   543 | D:1      | Reached XP level 3. HP: 21/21 MP: 3/6
  1664 | D:2      | Reached XP level 4. HP: 23/27 MP: 0/7
  1787 | D:2      | Noticed Robin
  1796 | D:2      | Killed Robin
  1869 | D:1      | Learned a level 2 spell: Scorch
  1873 | D:1      | Learned a level 3 spell: Inner Flame
  2397 | D:2      | Reached XP level 5. HP: 25/31 MP: 5/9
  2558 | D:2      | Found a runed translucent door.
  2559 | D:2      | Noticed Crazy Yiuf
  2852 | D:2      | Killed Crazy Yiuf
  2853 | D:2      | Reached skill level 3 in Spellcasting
  2965 | D:3      | Found a basalt altar of Yredelemnul.
  2970 | D:3      | Identified the +6 plate armour of Thoughtfulness {Fly rC-
                  | rCorr Dex+3}
  3195 | D:3      | Found an ornate altar of the Wu Jian Council.
  3226 | D:3      | Found a glowing silver altar of Zin.
  3227 | D:3      | Found a shadowy altar of Dithmenos.
  3228 | D:3      | Found a radiant altar of Vehumet.
  3758 | D:3      | Found a stormy altar of Qazlal.
  3906 | D:4      | Reached XP level 6. HP: 19/36 MP: 0/11
  4076 | D:4      | Noticed a black bear
  4080 | D:4      | Killed a black bear
  4081 | D:4      | Reached skill level 4 in Spellcasting
  4118 | D:4      | Noticed a black bear
  4122 | D:4      | Killed a black bear
  4284 | D:4      | Reached skill level 1 in Staves
  4284 | D:4      | Reached XP level 7. HP: 33/42 MP: 13/13
  4344 | D:4      | Found a transporter.
  4349 | D:4      | Noticed zamzamzam's ghost (novice DECj)
  4365 | D:4      | Found a transporter.
  4429 | D:4      | You fall into a shaft and drop 2 floors!
  4592 | D:6      | Reached skill level 5 in Spellcasting
  4663 | D:6      | Reached skill level 5 in Fire Magic
  4806 | D:6      | Reached XP level 8. HP: 41/47 MP: 11/16
  4812 | D:6      | Learned a level 4 spell: Flame Wave
  4816 | D:6      | Learned a level 3 spell: Mephitic Cloud
  5049 | D:5      | Entered Level 5 of the Dungeon
  5063 | D:5      | Found a staircase to the Ecumenical Temple.
  5064 | D:5      | Noticed Prince Ribbit
  5069 | D:5      | Killed Prince Ribbit
  5070 | D:5      | Reached skill level 1 in Fighting
  5070 | D:5      | Reached skill level 6 in Spellcasting
  5374 | D:5      | Reached skill level 7 in Spellcasting
  5707 | Temple   | Entered the Ecumenical Temple
  5707 | Temple   | Found a transporter.
  5707 | Temple   | Found a transporter.
  5709 | Temple   | Found a transporter.
  5709 | Temple   | Found a transporter.
  5723 | Temple   | Became a worshipper of Sif Muna the Loreminder
  5872 | D:4      | Reached XP level 9. HP: 53/53 MP: 12/20
  6001 | D:4      | Learned a level 4 spell: Dispel Undead
  6117 | D:4      | Killed zamzamzam's ghost
  6118 | D:4      | Reached skill level 1 in Necromancy
  6619 | D:7      | Noticed Joseph
  6632 | D:7      | Killed Joseph
  6633 | D:7      | Reached skill level 8 in Spellcasting
  6841 | D:7      | Found a white marble altar of Elyvilon.
  6923 | D:7      | Reached skill level 5 in Conjurations
  7223 | D:7      | Reached skill level 1 in Air Magic
  7517 | D:7      | Reached * piety under Sif Muna
  7702 | D:8      | Reached XP level 10. HP: 50/60 MP: 9/22
  7704 | D:8      | Reached skill level 9 in Spellcasting
  8116 | D:8      | Noticed a deep elf zephyrmancer
  8120 | D:8      | Killed a deep elf zephyrmancer
  8333 | D:8      | Reached skill level 10 in Spellcasting
  8334 | D:8      | Reached ** piety under Sif Muna
  8950 | D:8      | Gained mutation: You are agile. (Dex +4, Str/Int -1)
                  | [potion of mutation]
  8950 | D:8      | Gained mutation: You have hidden genetic defects. [potion
                  | of mutation]
  8952 | D:8      | Lost mutation: You are agile. (Dex +4, Str/Int -1) [potion
                  | of mutation]
  8952 | D:8      | Lost mutation: You have hidden genetic defects. [potion of
                  | mutation]
  8952 | D:8      | Gained mutation: One of your tentacles bears a spike.
                  | [potion of mutation]
  8952 | D:8      | Gained mutation: You have hidden genetic potential. [potion
                  | of mutation]
  8952 | D:8      | Gained mutation: You passively map a small area around you.
                  | [potion of mutation]
  8972 | D:9      | Slain by a wyvern

Illustrated notes

Levels and vault maps discovered:
D:1:      amcnicky_arrival_single_pillar, layout_basic, st_stairs_4,
          minmay_close_crescents
D:2:      layout_loops_cross, chequers_decorated_corner, hex_medium,
          minmay_tromino_v4_b, uniq_robin, uniq_crazy_yiuf_cottage
D:3:      layout_basic, lemuel_tele_altar, grunt_temple_overflow_open,
          nicolae_qazlal_eye_of_the_storm, nicolae_overflow_crystal_walls,
          hex_large, minmay_pentangle
D:4:      layout_rooms, gammafunk_ghost_stat_death, hangedman_decor_opposing
D:5:      layout_basic, minmay_temple_entry_ruins, uniq_prince_ribbit1
D:6:      layout_rooms
D:7:      layout_cave_pods, elyvilon_altar_4, uniq_joseph
D:8:      layout_gridville, guppyfry_early_elven_hall
D:9:      minmay_the_grid_octo_2x2 [minmay_the_grid_octo_clover_2,
          minmay_the_grid_octo_empty, minmay_the_grid_octo_clover,
          minmay_the_grid_octo_prize_star], layout_irregular_city,
          nemelex_spade_bored_becter, mainiacjoe_overflow_catwalk, orc_0_dummy,
          minmay_statue_crystal_thing, uniq_maggie
Temple:   hellmonk_temple_divided_pantheon

Skill      XL: |  1  2  3  4  5  6  7  8  9 10 |
---------------+-------------------------------+-----
Stealth        | 3 4 |  4.6
Conjurations   | 2 3 4 5 6 |  6.5
Fire Magic     | 4 5 6 7 |  7.1
Spellcasting   | 3 4 5 7 8 10 | 10.3
Staves         | 1 |  1.9
Fighting       | 1 2 |  2.5
Necromancy     | 2 4 |  4.0
Dodging        | 3 |  3.4
Air Magic      | 1 |  1.5
Short Blades   | |  0.3
Unarmed Combat | |  0.4
Hexes          | |  0.3
Poison Magic   | |  0.4

Action                     |  1- 3 |  4- 6 |  7- 9 | 10-12 || total
---------------------------+-------+-------+-------+-------++-------
  Melee: Unarmed           |    14 |       |       |       ||    14
         Punch             |     1 |       |       |       ||     1
         Tentacles         |     2 |     6 |     1 |     2 ||    11
         Constrict         |     7 |     6 |     2 |     2 ||    17
         Short sword       |     6 |     5 |       |       ||    11
         Quarterstaff      |       |    33 |     9 |     9 ||    51
   Cast: Foxfire           |    69 |    86 |   120 |    45 ||   320
         Scorch            |       |    14 |    42 |    18 ||    74
         Inner Flame       |       |     1 |     2 |       ||     3
         Flame Wave        |       |       |     9 |     9 ||    18
         Mephitic Cloud    |       |       |     6 |     3 ||     9
    Use: Scroll            |       |     5 |     3 |     3 ||    11
         Potion            |       |     2 |     1 |     3 ||     6
   Stab: Sleeping          |     4 |     6 |     1 |       ||    11
         Confused          |       |       |     1 |       ||     1
 Armour: Skin              |     3 |    13 |    63 |     2 ||    81
  Dodge: Dodged            |    27 |    55 |    36 |    25 ||   143

Table legend: (Time is in decaauts)
 A = Elapsed time spent in this place.
 B = Non-inter-level travel time spent in this place.
 C = Inter-level travel time spent in this place.
 D = Time resting spent in this place.
 E = Time spent auto-exploring this place.
 F = Levels seen in this place.
 G = Mean time per level.
                   A        B        C        D        E       F      G
               +--------+--------+--------+--------+--------+-----+--------+
         Total |   8986 |   8753 |    233 |    186 |   6471 |  10 |  898.6 |
       Dungeon |   8957 |   8724 |    233 |    186 |   6471 |   9 |  995.2 |
        Temple |     28 |     28 |      0 |      0 |      0 |   1 |   28.0 |
               +--------+--------+--------+--------+--------+-----+--------+

Top non-repeatable levels by time:
     D:1: 1637 daAuts
     D:8: 1306 daAuts
     D:2: 1304 daAuts
     D:7: 1122 daAuts
     D:4: 1083 daAuts
     D:3: 984 daAuts
     D:6: 894 daAuts
     D:5: 616 daAuts
  Temple: 28 daAuts
     D:9: 7 daAuts
